 Dungeon Crawl Stone Soup version 0.24-a0-139-geb6712d (webtiles) character file.

Game seed: 13703489004802779786

38 jerryfan the Insei (level 3, -1/27 HPs)
             Began as a Merfolk Transmuter on Jan 29, 2019.
             Slain by a giant cockroach (2 damage)
             ... on level 3 of the Dungeon on Mar 1, 2019.
             The game lasted 00:04:39 (1644 turns).

jerryfan the Insei (Merfolk Transmuter)             Turns: 1644, Time: 00:04:40

Health: -1/27      AC:  2    Str: 10    XL:     3   Next: 43%
Magic:  6/6        EV: 13    Int: 13    God:
Gold:   72         SH:  0    Dex: 14    Spells: 3/6 levels left

rFire    . . .     SeeInvis .     - Unarmed
rCold    . . .     Gourm    .   (no shield)
rNeg     . . .     Faith    .   b - +0 robe
rPois    .         Spirit   .   (no helmet)
rElec    .         Reflect  .   (no cloak)
rCorr    .         Harm     .   (no gloves)
MR       .....                  (no boots)
Stlth    +.........             (no amulet)
HPRegen  0.09/turn              (no ring)
MPRegen  0.10/turn              (no ring)

@: no status effects
A: change form in water, swift swim, stealthy swim
a: no special abilities


You were on level 3 of the Dungeon.
You were hungry.

You visited 1 branch of the dungeon, and saw 3 of its levels.

You collected 72 gold pieces.

Inventory:

Missiles
 a - 57 arrows
 j - 7 tomahawks
 m - 7 javelins of returning (quivered)
Armour
 b - a +0 robe (worn)
Scrolls
 f - a scroll of fog {unknown}
 h - 2 scrolls of teleportation {unknown}
 i - a scroll of random uselessness {unknown}
 l - a scroll of magic mapping {unknown}
 o - 3 scrolls of remove curse {unknown}
Potions
 c - 2 potions of mutation {unknown}
 e - 2 potions of heal wounds {unknown}
 g - a potion of curing {unknown}
 k - 4 potions of might {unknown}
Comestibles
 d - 4 rations
 n - a chunk of flesh


   Skills:
 + Level 1.8 Fighting
 + Level 3.1 Dodging
 + Level 3.6 Unarmed Combat
 + Level 2.2 Spellcasting
 * Level 3.6 Transmutations


You had 3 spell levels left.
You knew the following spells:

 Your Spells              Type           Power        Failure   Level  Hunger
a - Beastly Appendage     Tmut           ##....       5%          1    ##.....
b - Sticks to Snakes      Tmut           ##......     9%          2    ###....

Your spell library contained the following spells:

 Spells                   Type           Power        Failure   Level  Hunger
 Spider Form              Tmut/Pois      #.........   34%         3    ####...
 Ice Form                 Ice/Tmut       #.......     75%         4    #####..
 Blade Hands              Tmut           ##........   83%         5    ######.


Dungeon Overview and Level Annotations

Branches:
Dungeon (3/15)

Altars:
Dithmenos


Message History

The giant cockroach is moderately wounded.
The giant cockroach closely misses you.
The hobgoblin hits you with a cursed -2 club.
* * * LOW HITPOINT WARNING * * *
You closely miss the giant cockroach.
The giant cockroach is moderately wounded.
The giant cockroach bites you but does no damage.
The hobgoblin closely misses you.
You closely miss the giant cockroach.
The giant cockroach is moderately wounded.
The giant cockroach bites you.
* * * LOW HITPOINT WARNING * * *
You barely miss the giant cockroach.
The giant cockroach is moderately wounded.
The hobgoblin misses you.
The giant cockroach bites you but does no damage.
You hit the giant cockroach but do no damage.
The giant cockroach is moderately wounded.
The giant cockroach bites you.
You die...

. ### ## .. # #.. .
... #.#.#.# ..#
#.#.#.# ...# #.....#
####J.# #<# #.@sb.#
##.##########g####.#
#.......รท.....#
#.#####.......#
#.#####.......#
#.##..........####.#
#.##.##.#......)$.#
#.## #.#.........#
#.. ...........#.".#


You could see an ooze, a giant cockroach, a hobgoblin and a bat.

Vanquished Creatures
  An ooze (D:3)
  A leopard gecko (D:1)
  2 orcs (D:3)
  2 giant cockroaches
  4 goblins
  2 hobgoblins (D:2)
  7 kobolds
  A quokka (D:3)
  A ball python (D:3)
  4 bats
  A frilled lizard (D:1)
  4 rats
30 creatures vanquished.

Notes
Turn   | Place    | Note
-------+----------+-------------------------------------------
     0 | D:1      | jerryfan the Merfolk Transmuter began the quest for the
                  | Orb.
     0 | D:1      | Reached XP level 1. HP: 15/15 MP: 3/3
   251 | D:1      | Reached XP level 2. HP: 15/21 MP: 3/5
   902 | D:2      | Learned a level 2 spell: Sticks to Snakes
   971 | D:2      | Found a shadowy altar of Dithmenos.
  1417 | D:2      | Reached XP level 3. HP: 25/26 MP: 4/6
  1608 | D:3      | Upgraded the game from 0.23-a0-899-gbbae0a3 to
                  | 0.24-a0-22-g2a401c0
  1608 | D:3      | Upgraded the game from 0.24-a0-22-g2a401c0 to
                  | 0.24-a0-139-geb6712d
  1642 | D:3      | HP: 1/27 [giant cockroach (1)]
  1644 | D:3      | Slain by a giant cockroach

Levels and vault maps discovered:
D:1:      dpeg_arrival_connections, grunt_decor_clamped,
          chequers_serial_rivers_large_a
D:2:      lemuel_crystal_altar
D:3:      grunt_temple_overflow_open, kiku_gazebo_pond_becter,
          dk_noncrumbling_4, minmay_vboxes

Skill      XL: |  1  2 |
---------------+-------+-----
Transmutations | 3 |  3.6
Dodging        | 3 |  3.1
Fighting       | |  1.8
Unarmed Combat | |  3.6
Spellcasting   | |  2.2

Action                   || total
-------------------------++-------
Melee: Unarmed           ||    91
       Headbutt          ||     9
       Punch             ||     1
Throw: Javelin           ||     8
       Tomahawk          ||     1
 Cast: Beastly Appendage ||    15
  Eat: Chunk             ||     2
Armor: Robe              ||    22
Dodge: Dodged            ||    57

Table legend:
 A = Non-vault XP
 B = Vault XP
 C = Vault XP percentage of total XP
 D = Non-vault monster count
 E = Vault monster count
 F = Vault count percentage of total count
                 A         B        C        D         E       F
            +---------+---------+-------+---------+---------+-------
      Total |      45 |      10 |  18.2 |      25 |       5 |  16.7
            +---------+---------+-------+---------+---------+-------
        D:1 |      22 |       0 |   0.0 |      14 |       0 |   0.0
        D:2 |      13 |       0 |   0.0 |       8 |       0 |   0.0
        D:3 |      10 |      10 |  50.0 |       3 |       5 |  62.5
            +---------+---------+-------+---------+---------+-------
